 Dungeon Crawl Stone Soup version 0.27-a0-948-gec3affb (webtiles) character file.

Game seed: 14439332150812131433

1559 Nithhogg the Spawn of Chaos (level 8, -5/64 HPs)
             Began as a Demonspawn Fighter on Apr 11, 2021.
             Was an Initiate of Makhleb.
             Slain by an orc warrior
             ... wielding a +0 vorpal glaive
              (15 damage)
             ... on level 6 of the Dungeon.
             The game lasted 00:08:39 (6816 turns).

Nithhogg the Spawn of Chaos (Demonspawn Fighter)    Turns: 6816, Time: 00:08:40

Health: -5/64      AC: 10    Str: 24    XL:     8   Next: 58%
Magic:  0/12       EV:  8    Int: 10    God:    Makhleb [......]
Gold:   321        SH: 10    Dex: 13    Spells: 7/7 levels left

rFire    . . .     SeeInvis .   a - +0 long sword
rCold    . . .     Faith    .   c - +0 kite shield
rNeg     . . .     Spirit   +   b - +0 scale mail
rPois    +         Reflect  .   (helmet restricted)
rElec    .         Harm     .   (no cloak)
rCorr    .         Rampage  .   (no gloves)
Will     .....                  (no boots)
Stlth    ..........             t - amulet of guardian spirit
HPRegen  0.20/turn              e - ring of poison resistance
MPRegen  0.13/turn              j - +6 ring of strength

@: studying Short Blades
A: horns 2, molten scales 2, ignite blood 1, powered by pain 1
a: Renounce Religion


You were on level 6 of the Dungeon.
You worshipped Makhleb.
Makhleb was noncommittal.
You visited 1 branch of the dungeon, and saw 6 of its levels.
You also visited: Sewer.

You collected 321 gold pieces.

Inventory:

Hand Weapons
 a - a +0 long sword (weapon)
Missiles
 x - 5 atropa-tipped darts (quivered)
Armour
 b - a +0 scale mail (worn)
 c - a +0 kite shield (worn)
Jewellery
 e - a ring of poison resistance (left hand)
 j - a +6 ring of strength (right hand)
 t - an amulet of guardian spirit (around neck)
Wands
 u - a wand of random effects (11)
 w - a wand of paralysis (10)
Scrolls
 f - 4 scrolls of identify
 g - 2 scrolls of enchant armour
 k - 2 scrolls of blinking
 m - a scroll of magic mapping
 p - a scroll of noise
 q - 2 scrolls of summoning
 r - 2 scrolls of teleportation
Potions
 h - a potion of ambrosia {unknown}
 i - 3 potions of flight
 l - a potion of cancellation {unknown}
 n - a potion of heal wounds {unknown}
 o - 5 potions of haste {unknown}
 s - 2 potions of mutation {unknown}
 v - 2 potions of lignification {unknown}


   Skills:
 + Level 5.7 Fighting
 + Level 4.7 Long Blades
 + Level 5.1 Armour
 + Level 5.1 Shields
 + Level 6.1 Invocations


You had 7 spell levels left.
You didn't know any spells.
Your spell library contained the following spells:

 Spells                   Type           Power      Damage    Failure   Level
 Beastly Appendage        Tmut           0%         N/A       97%         1
 Wereblood                Tmut           0%         N/A       99%         2
 Spider Form              Tmut/Pois      0%         N/A       100%        3
 Ice Form                 Ice/Tmut       0%         N/A       100%        4
 Hydra Form               Tmut           0%         N/A       100%        5


Dungeon Overview and Level Annotations

Branches:
Dungeon (6/15)              Sewer (visited)
 Temple: D:4-7

Altars:
Fedhas
Makhleb
Yredelemnul
Zin
Beogh

Shops:
D:3 !   D:4 [

Annotations:
D:4 3 runed translucent doors, Nithhogg's ghost, amateur MiFi
D:6 2 transporters


Innate Abilities, Weirdness & Mutations

You have a pair of horns on your head.
You are mostly covered in molten scales. (AC +3)
Your demonic aura sometimes causes spilled blood to erupt in flames You sometimes gain a little power by taking damage.


Message History

You block the orc warrior's attack.
The orc priest hits you but does no damage.
The orc warrior hits you from afar with a +0 vorpal glaive!!
You are too injured to fight recklessly!
You are too injured to fight recklessly!
You are too injured to fight recklessly!
You are too injured to fight recklessly!
You are too injured to fight recklessly!
You are too injured to fight recklessly!
You are too injured to fight recklessly!
You are too injured to fight recklessly!
You are too injured to fight recklessly!
You are too injured to fight recklessly!
You are too injured to fight recklessly!
You are too injured to fight recklessly!
You are too injured to fight recklessly!
You are too injured to fight recklessly!
You are too injured to fight recklessly!
You are too injured to fight recklessly!
You are too injured to fight recklessly!
You are too injured to fight recklessly!
You are too injured to fight recklessly!
Your shield and scale mail prevent you from hitting the orc priest.
You headbutt the orc priest.
The orc priest is severely wounded.
The orc priest invokes the aid of Beogh against you.
You struggle to resist.
The orc warrior hits you from afar with a +0 vorpal glaive.
The orc priest hits you but does no damage.
You closely miss the orc priest.
You headbutt the orc priest, but do no damage.
The orc priest is severely wounded.
The orc warrior hits you from afar with a +0 vorpal glaive!
* * * LOW HITPOINT WARNING * * *
x2 You block the orc priest's attack.
You hit the orc priest.
You kill the orc priest!
Makhleb accepts your kill.
The orc warrior hits you from afar with a +0 vorpal glaive!!
You die...

.................#...............
.....##.###..........<...........
......#.......####...............
..............# ##.#.............
...... ##....####................
###....#...#.............
##.....#............... ..#
#....○....###..#...... #. #.#
###...○@.<......###..... #.
#.###....o.........## #####.
#.####................#.#### ##
........#.............#....# #
.......................###.##
......#..............(......#####
.........##.###.#.....###........
.o.o..##.#..# #.#.....# #..#..###
.)....##.#.## #.#...<.# ##.....##


You could see an orc warrior.

Vanquished Creatures
  A troll (D:6)
  An ice beast (D:6)
  An orc warrior (D:6)
  A necrophage (D:5)
  2 ogres (D:4)
  A centaur (D:6)
  A phantom (D:4)
  A kobold brigand (Sewer)
  Blork the orc (D:4)
  A bullfrog zombie (D:6)
  2 jellies
  4 hounds
  An orc priest (D:6)
  2 centaur skeletons
  Natasha (thrice) (D:2)
  2 orc wizards (D:5)
  A bullfrog skeleton (D:6)
  2 river rats
  5 adders
  A shadow imp (D:6)
  A white imp (D:6)
  2 ufetubi (D:6)
  A worm (D:3)
  5 dart slugs
  12 orcs
  4 endoplasms
  8 giant cockroaches
  5 hobgoblins
  5 jackals
  8 kobolds
  3 quokkas
  9 ball pythons
  6 bats
  2 frilled lizards (D:1)
  5 goblins
  12 rats
122 creatures vanquished.

Notes
Turn   | Place    | Note
-------+----------+-------------------------------------------
     0 | D:1      | Nithhogg the Demonspawn Fighter began the quest for the
                  | Orb.
     0 | D:1      | Reached XP level 1. HP: 18/18 MP: 1/1
   288 | D:1      | Gained mutation: You are partially covered in molten
                  | scales. (AC +2) [demonic ancestry]
   288 | D:1      | Reached XP level 2. HP: 16/24 MP: 2/2
   544 | D:1      | Reached skill level 1 in Invocations
   613 | D:1      | Found a faded altar of an unknown god.
  1270 | D:2      | Gained mutation: You are mostly covered in molten scales.
                  | (AC +3) [demonic ancestry]
  1270 | D:2      | Reached XP level 3. HP: 29/29 MP: 4/4
  1780 | D:2      | Noticed Natasha
  1787 | D:2      | Killed Natasha
  1788 | D:2      | Reached skill level 2 in Invocations
  1788 | D:2      | Gained mutation: Your demonic aura sometimes causes spilled
                  | blood to erupt in flames [demonic ancestry]
  1788 | D:2      | Reached XP level 4. HP: 34/35 MP: 5/5
  1923 | D:2      | Noticed Natasha
  1934 | D:2      | Killed Natasha
  2003 | D:2      | Noticed Natasha
  2016 | D:2      | Killed Natasha
  2188 | D:3      | Gained mutation: You have a pair of small horns on your
                  | head. [demonic ancestry]
  2188 | D:3      | Reached XP level 5. HP: 36/42 MP: 6/6
  2224 | D:3      | Found a glowing drain.
  2293 | Sewer    | Entered a sewer
  2382 | Sewer    | Reached skill level 3 in Invocations
  2897 | D:3      | Gained mutation: You sometimes gain a little power by
                  | taking damage. [demonic ancestry]
  2897 | D:3      | Reached XP level 6. HP: 48/48 MP: 8/8
  3171 | D:3      | Noticed an angel
  3563 | D:3      | Found Cypeuwec's Distillery.
  3659 | D:4      | Found a basalt altar of Yredelemnul.
  3693 | D:4      | Noticed Blork the orc
  3711 | D:4      | Killed Blork the orc
  4102 | D:4      | Reached skill level 4 in Invocations
  4105 | D:4      | Reached XP level 7. HP: 46/55 MP: 7/10
  4247 | D:4      | Found a runed translucent gate.
  4248 | D:4      | Found a runed translucent gate.
  4248 | D:4      | Identified the +4 scale mail of Indomitability {rElec Str+4
                  | Dex+3}
  4248 | D:4      | Noticed Nithhogg's ghost (amateur MiFi)
  4249 | D:4      | Found a runed translucent gate.
  4306 | D:4      | Found a burning altar of Makhleb.
  4556 | D:4      | Found Ide Namy's Antique Armour Shop.
  4580 | D:4      | Found a blossoming altar of Fedhas.
  4978 | D:5      | Entered Level 5 of the Dungeon
  5534 | D:4      | Became a worshipper of Makhleb the Destroyer
  5610 | D:5      | Reached skill level 5 in Fighting
  5836 | D:6      | Reached skill level 5 in Invocations
  5836 | D:6      | Found a transporter.
  5845 | D:6      | Gained mutation: You have a pair of horns on your head.
                  | [demonic ancestry]
  5845 | D:6      | Reached XP level 8. HP: 55/62 MP: 11/11
  6146 | D:6      | Noticed a troll
  6150 | D:6      | Killed a troll
  6158 | D:6      | Reached skill level 5 in Armour
  6158 | D:6      | Reached skill level 5 in Shields
  6164 | D:6      | Reached skill level 6 in Invocations
  6386 | D:6      | Found a transporter.
  6816 | D:6      | Slain by an orc warrior

Illustrated notes

Levels and vault maps discovered:
D:1:      minmay_arrival_stair_chambers, layout_basic, basic_ecumenical_altar,
          minmay_misc_feat_four_crosses, minmay_tromino_i2
D:2:      layout_basic, uniq_natasha
D:3:      layout_basic, zin_angel, gup_sewer_entry_bubbles, serial_shops, shop
D:4:      layout_gridville, nicolae_overflow_hidden_temple,
          yredelemnul_altar_generic, kennysheep_mini, serial_shops,
          nicolae_shop_trees, biasface_ghost_orc_armoury, minmay_misc_feat_iff,
          uniq_blork_the_orc
D:5:      layout_gridville
D:6:      gammafunk_steamed_eel, layout_rooms, minmay_manual_monstrance

Skill      XL: |  1  2  3  4  5  6  7  8 |
---------------+-------------------------+-----
Long Blades    | 2 3 4 |  4.7
Invocations    | 1 2 3 4 5 6 |  6.1
Armour         | 3 4 5 |  5.1
Shields        | 3 4 5 |  5.1
Fighting       | 4 5 |  5.7

Action                   |  1- 3 |  4- 6 |  7- 9 || total
-------------------------+-------+-------+-------++-------
Melee: Long sword        |   114 |   161 |   155 ||   430
       Headbutt          |       |    26 |    47 ||    73
  Use: Scroll            |       |     4 |     3 ||     7
       Potion            |       |     2 |     3 ||     5
Armor: Scale mail        |    72 |   130 |    96 ||   298
Dodge: Dodged            |    29 |    74 |    66 ||   169
Block: Kite shield       |    69 |   116 |   118 ||   303
       Rpst.: Long sword |    10 |    23 |    13 ||    46

Table legend: (Time is in decaauts)
 A = Elapsed time spent in this place.
 B = Non-inter-level travel time spent in this place.
 C = Inter-level travel time spent in this place.
 D = Time resting spent in this place.
 E = Time spent auto-exploring this place.
 F = Levels seen in this place.
 G = Mean time per level.
                   A        B        C        D        E       F      G
               +--------+--------+--------+--------+--------+-----+--------+
         Total |   7115 |   6780 |    335 |    364 |   5223 |   7 | 1016.4 |
       Dungeon |   6675 |   6340 |    335 |    364 |   4870 |   6 | 1112.5 |
         Sewer |    439 |    439 |      0 |      0 |    352 |   1 |  439.0 |
               +--------+--------+--------+--------+--------+-----+--------+

Top non-repeatable levels by time:
     D:4: 1391 daAuts
     D:3: 1318 daAuts
     D:5: 1221 daAuts
     D:1: 1161 daAuts
     D:2: 949 daAuts
     D:6: 632 daAuts
   Sewer: 439 daAuts
